[ PARTIDA AOE2 · #484845414 ]
UnrankedGurjaras vs Aztecs
Equipo del jugador · DERR
Equipo rival · VICT
[ ANÁLISIS DE REPETICIÓN · EXTRAÍDO DE LA PARTIDA GRABADA ]
Feudal
8:55
Castillos
—
Imperial
—
| APM promedio | 28.2 |
| APM pico | 62 |
| eAPM promedio | 14.7 |
| Aldeanos / militares | 20 / 0 |
Foco
⚔️ 33.8% · 🌾 66.2%
Feudal
9:05
Castillos
—
Imperial
—
| APM promedio | 49.3 |
| APM pico | 85 |
| eAPM promedio | 19.7 |
| Aldeanos / militares | 20 / 4 |
Foco
⚔️ 35.6% · 🌾 64.4%
Archer ×4
Mapa de la partida
Recursos iniciales + cada clic de construcción. Líneas = muros · curvas = relieve. ◆ oro · ⬟ piedra · ● bayas · ✦ reliquia · ◌ hueco del cierre
Tu base· ✓ Cerrada en 10:14 · 10t muro · 3 puerta(s)
Base de tomtombebu
Terreno inicial suavizado · ◌ = hueco del cierre detectado · pasá el cursor para detalles
Inputs por minuto
— DS_Gitano Urbano - - tomtombebu
Build order — DS_Gitano Urbano
40 acciones detectadas en el replay
| 0:01 | Crear | Villager (Male) |
| 0:03 | Construir | House |
| 0:05 | Construir | House |
| 0:10 | Crear | Villager (Male) |
| 0:10 | Crear | Villager (Male) |
| 0:10 | Crear | Villager (Male) |
| 0:10 | Crear | Villager (Male) |
| 0:38 | Construir | Mill |
| 1:32 | Crear | Villager (Male) |
| 1:52 | Crear | Villager (Male) |
| 2:16 | Crear | Villager (Male) |
| 2:40 | Crear | Villager (Male) |
| 2:58 | Crear | Villager (Male) |
| 3:24 | Crear | Villager (Male) |
| 3:42 | Construir | Lumber Camp |
| 3:56 | Construir | House |
| 3:58 | Crear | Villager (Male) |
| 4:04 | Crear | Villager (Male) |
| 4:05 | Crear | Villager (Male) |
| 4:20 | Construir | House |
| 4:34 | Construir | Palisade Wall |
| 4:35 | Construir | Palisade Wall |
| 4:39 | Construir | Palisade Wall |
| 4:45 | Crear | Villager (Male) |
| 5:17 | Crear | Villager (Male) |
| 5:46 | Construir | Palisade Wall |
| 5:50 | Construir | Palisade Wall |
| 5:51 | Construir | Palisade Wall |
| 5:57 | Construir | Palisade Wall |
| 6:00 | Construir | Palisade Wall |
| 6:17 | Crear | Villager (Male) |
| 6:33 | Crear | Villager (Male) |
| 6:45 | Investigar | Feudal Age |
| 8:38 | Crear | Villager (Male) |
| 8:44 | Investigar | Loom |
| 8:55 | Edad | Edad Feudal |
| 8:58 | Construir | Market |
| 9:11 | Crear | Villager (Male) |
| 9:36 | Construir | Blacksmith |
| 10:14 | Investigar | Castle Age |
Build order — tomtombebu
40 acciones detectadas en el replay
| 0:01 | Crear | Villager (Male) |
| 0:01 | Crear | Villager (Male) |
| 0:01 | Crear | Villager (Male) |
| 0:02 | Crear | Villager (Male) |
| 0:03 | Construir | House |
| 0:04 | Construir | House |
| 1:10 | Crear | Villager (Male) |
| 1:41 | Crear | Villager (Male) |
| 1:49 | Construir | Lumber Camp |
| 2:04 | Construir | Lumber Camp |
| 2:17 | Crear | Villager (Male) |
| 2:44 | Crear | Villager (Male) |
| 3:03 | Crear | Villager (Male) |
| 3:38 | Crear | Villager (Male) |
| 3:50 | Crear | Villager (Male) |
| 3:55 | Construir | House |
| 4:06 | Crear | Villager (Male) |
| 4:32 | Crear | Villager (Male) |
| 5:21 | Crear | Villager (Male) |
| 5:35 | Construir | Mining Camp |
| 5:44 | Crear | Villager (Male) |
| 5:44 | Investigar | Loom |
| 6:55 | Investigar | Feudal Age |
| 7:41 | Construir | Barracks |
| 7:42 | Construir | House |
| 8:55 | Crear | Villager (Male) |
| 9:05 | Edad | Edad Feudal |
| 9:09 | Construir | Archery Range |
| 9:13 | Construir | House |
| 9:22 | Crear | Villager (Male) |
| 9:29 | Construir | House |
| 9:37 | Crear | Villager (Male) |
| 9:42 | Crear | Archer |
| 9:44 | Crear | Villager (Male) |
| 9:48 | Construir | Watch Tower |
| 10:06 | Construir | Mining Camp |
| 10:10 | Crear | Archer |
| 10:34 | Crear | Archer |
| 10:50 | Crear | Archer |
| 10:51 | Crear | Villager (Male) |
Cronología de la partida
| 4:34 | DS_Gitano Urbano · wall_segment Palisade Wall x1 |
| 4:35 | DS_Gitano Urbano · wall_segment Palisade Wall x1 |
| 4:39 | DS_Gitano Urbano · wall_segment Palisade Wall x8 |
| 5:46 | DS_Gitano Urbano · wall_segment Palisade Wall x1 |
| 5:50 | DS_Gitano Urbano · wall_segment Palisade Wall x1 |
| 5:51 | DS_Gitano Urbano · wall_segment Palisade Wall x1 |
| 5:57 | DS_Gitano Urbano · wall_segment Palisade Wall x1 |
| 6:00 | DS_Gitano Urbano · wall_segment Palisade Wall x1 |
| 7:41 | tomtombebu · first_building Barracks |
| 8:55 | DS_Gitano Urbano · age_up feudal |
| 9:05 | tomtombebu · age_up feudal |
| 9:09 | tomtombebu · first_building Archery Range |
| 10:03 | DS_Gitano Urbano · first_market_sell 500 stone |
| 11:18 | DS_Gitano Urbano · resign |
[ ANÁLISIS IA · 1 CRÉDITO ]
¿Qué pasó realmente en esta partida?
Wolo.gg analiza cada decisión: build order, eco, micro, errores típicos por bracket. Análisis personalizado por WhatsApp o Discord en 30 segundos.
Guía civ
Gurjaras
Perfil
Jugador #352739